 Dungeon Crawl Stone Soup version 0.21.0 (webtiles) character file.

35 tidbits the Sneak (level 3, -1/21 HPs)
             Began as a Felid Air Elementalist on Jan 7, 2018.
             Slain by an adder (4 damage)
             ... on level 2 of the Dungeon.
             The game lasted 00:03:19 (503 turns).

tidbits the Sneak (Felid Air Elementalist)           Turns: 503, Time: 00:03:20

Health: -1/21      AC:  1    Str: 10    XL:     3   Next: 17%
Magic:  4/7        EV: 23    Int: 16    God:
Gold:   6          SH:  0    Dex: 21    Spells: 5/6 levels left
                                        Lives:  0   Deaths: 0

rFire    . . .     SeeInvis +     - Unarmed
rCold    . . .     Gourm    .   (shield unavailable)
rNeg     . . .     Faith    .   (armour unavailable)
rPois    .         Spirit   .   (helmet unavailable)
rElec    .         Reflect  .   (cloak unavailable)
rCorr    .         Harm     .   (gloves unavailable)
MR       .....                  (boots unavailable)
Stlth    ..........             (no amulet)
HPRegen  0.07/turn              (no ring)
MPRegen  0.10/turn              (no ring)

@: agile, berserking, lethally poisoned (-1 -> -3), flying, very quick
A: very small, no armour, no weapons or thrown items, stealth, claws 1, fangs 3,
see invisible, carnivore, speed 1, shaggy fur 1, slow metabolism 1, sharp paws
a: no special abilities


You were on level 2 of the Dungeon.
You were not hungry.

You visited 1 branch of the dungeon, and saw 3 of its levels.

You collected 6 gold pieces.

Inventory:

Scrolls
 f - a scroll of fog {unknown}
 g - a scroll of remove curse {unknown}
 h - a scroll of teleportation {unknown}
 i - a scroll of enchant weapon {unknown}
Books
 a - a book of Air

   Spells                             Type                      Level
   a - Shock                          Conjuration/Air              1
   b - Swiftness                      Charms/Air                   2
   c - Static Discharge               Conjuration/Air              3
   d - Airstrike                      Air                          4
   e - Lightning Bolt                 Conjuration/Air              5
Comestibles
 b - 3 rations


   Skills:
 - Level 2.6 Dodging
 + Level 4.1 Stealth
 + Level 1.9 Unarmed Combat
 - Level 2.0 Spellcasting
 - Level 0.8 Conjurations
 - Level 2.6 Air Magic


You had 5 spell levels left.
You knew the following spells:

 Your Spells              Type           Power        Failure   Level  Hunger
a - Shock                 Conj/Air       #...         10%         1    #......


Dungeon Overview and Level Annotations

Branches:
Dungeon (3/15)

Altars:
Nemelex Xobeh
Trog


Innate Abilities, Weirdness & Mutations

You cannot wear armour.
You are incapable of wielding weapons or throwing items.
Your paws allow you to move quietly. (Stealth)
You have sharp claws.
You have razor-sharp teeth.
You have supernaturally acute eyesight. (SInv)
You are carnivorous and can eat meat at any time.
You cover ground quickly.
You are covered in fur. (AC +1)
You have a slow metabolism.
Your sharp claws are effective at attacking unaware monsters.


Message History

The giant cockroach is moderately wounded.
The giant cockroach bites you.
* * * LOW HITPOINT WARNING * * *
Casting: Shock
Confirm with . or Enter, or press ? or * to list all spells.
Aiming: Shock
Press: ? - help, Shift-Dir - straight line
Okay, then.
Casting: Shock
Confirm with . or Enter, or press ? or * to list all spells.
Aiming: Shock
Press: ? - help, Shift-Dir - straight line The zap hits the giant cockroach.
The giant cockroach is severely wounded.
The zap hits the giant cockroach.
You kill the giant cockroach!
You have reached level 3!
Your experience leads to an increase in your attributes!
Increase (S)trength, (I)ntelligence, or (D)exterity?
You feel stronger.
A rat comes into view.
Found a sparkling altar of Nemelex Xobeh.
The helpless rat fails to defend itself.
You claw the rat!
You kill the rat!
Found a scroll labeled NORI BON EXY.
i - a scroll labeled NORI BON EXY
Found a stone staircase leading down.
There is a stone staircase leading down here.
You climb downwards. 3 orcs come into view.
Found a bloodstained altar of Trog.
There is a stone staircase leading up here.
The helpless orc fails to defend itself.
You claw the orc!
You kill the orc!
You pounce on the unaware helpless orc!
You claw the orc!
You kill the orc!
Things that are here:
a club; a leather armour; an orc corpse The helpless orc fails to defend itself.
You claw the orc!
You kill the orc!
There is a bloodstained altar of Trog here.
Things that are here:
a dagger; an orc corpse
Things that are here:
a club; a leather armour; an orc corpse
Things that are here:
a club; a leather armour; an orc corpse A kobold comes into view.
It is wielding a whip.
The kobold shouts!
You hear an angry hiss.
Found an escape hatch in the ceiling.
A leopard gecko comes into view.
Things that are here:
a club; a leather armour; an orc corpse
There is a stone staircase leading up here.
You climb upwards.
There is a stone staircase leading down here.
Unknown command.
An adder comes into view.
The adder hisses angrily.
Casting: Shock
Confirm with . or Enter, or press ? or * to list all spells.
Aiming: Shock
Press: ? - help, Shift-Dir - straight line, f - adder
Aim: an adder The zap hits the adder.
The adder is lightly wounded.
Casting: Shock
Confirm with . or Enter, or press ? or * to list all spells.
Aiming: Shock
Press: ? - help, Shift-Dir - straight line, p - adder The zap hits the adder.
The adder is moderately wounded.
The zap misses the adder.
The adder bites you.
* * * LOW HITPOINT WARNING * * *
You are poisoned.
The adder poisons you! The adder bites you.
* * * LOW HITPOINT WARNING * * *
Casting: Shock
Confirm with . or Enter, or press ? or * to list all spells.
Aiming: Shock
Press: ? - help, Shift-Dir - straight line The zap misses the adder. x2
* * * LOW HITPOINT WARNING * * *
You feel sick. The adder misses you.
It was a potion of agility.
You feel agile all of a sudden. The adder completely misses you.
It was a potion of flight.
You feel very buoyant.
You fly up into the air.
The adder closely misses you. The adder barely misses you.
It was a potion of berserk rage.
A red film seems to cover your vision as you go berserk!
You feel yourself moving faster!
You feel mighty!
* * * LOW HITPOINT WARNING * * *
You feel sick. The adder bites you.
You die...

###############
#>.............
#..............
#S#############
#@# #.# #.# #.#
#.# #.# #.#
####.# #....#


You could see an adder.

Vanquished Creatures
  An adder (D:2)
  A worm (D:2)
  2 leopard geckos (D:2)
  3 orcs (D:3)
  2 giant cockroaches (D:2)
  A goblin (D:2)
  4 jackals (D:2)
  A frilled lizard (D:2)
  A kobold (D:2)
  A rat (D:2)
17 creatures vanquished.

Notes
Turn   | Place    | Note
-------+----------+-------------------------------------------
     0 | D:1      | tidbits the Felid Air Elementalist began the quest for the Orb.
     0 | D:1      | Reached XP level 1. HP: 7/7 MP: 4/4
    42 | D:2      | Reached skill level 3 in Stealth
    88 | D:2      | Reached skill level 1 in Unarmed Combat
   101 | D:2      | Reached XP level 2. HP: 5/11 MP: 3/6
   326 | D:2      | Reached skill level 4 in Stealth
   406 | D:2      | Reached XP level 3. HP: 5/14 MP: 4/7
   418 | D:2      | Found a sparkling altar of Nemelex Xobeh.
   449 | D:3      | Found a bloodstained altar of Trog.
   503 | D:2      | Slain by an adder

Skill      XL: |  1  2 |
---------------+-------+-----
Stealth        | 3 4 |  4.1
Unarmed Combat | 1 |  1.9
Dodging        | |  2.6
Spellcasting   | |  2.0
Conjurations   | |  0.8
Air Magic      | |  2.6

Action                   || total
-------------------------++-------
Melee: Unarmed           ||    26
       Bite              ||     2
 Cast: Shock             ||    23
  Use: Potion            ||     3
 Stab: Sleeping          ||     5
  Eat: Chunk             ||     2
Dodge: Dodged            ||    25

Table legend:
 A = Turns spent in this place as a percentage of turns spent in the entire game.
 B = Non-inter-level travel turns spent in this place as a percentage of non-inter-level travel turns spent in the entire game.
 C = Inter-level travel turns spent in this place as a percentage of turns spent in this place.
 D = Turns resting spent in this place as a percentage of non-inter-level travel turns spent in this place.
 E = Turns spent auto-exploring this place as a percentage of non-inter-level travel turns spent in this place.
 F = Non-inter-level travel turns spent in this place divided by the number of levels of this place that you've seen.
                   A       B       C       D       E      F
               +-------+-------+-------+-------+-------+----------------------
         Total | 100.0 | 100.0 |   0.0 |   0.0 |   0.0 | 167.7
       Dungeon | 100.0 | 100.0 |   0.0 |   0.0 |   0.0 | 167.7
               +-------+-------+-------+-------+-------+----------------------

Table legend:
 A = Kills in this place as a percentage of kills in entire the game.
 B = Kills by you in this place as a percentage of kills by you in the entire game.
 C = Kills by friends in this place as a percentage of kills by friends in the entire game.
 D = Other kills in this place as a percentage of other kills in the entire game.
 E = Experience gained in this place as a percentage of experience gained in the entire game.
 F = Experience gained in this place divided by the number of levels of this place that you have seen.
                   A       B       C       D       E      F
               +-------+-------+-------+-------+-------+----------------------
         Total | 100.0 | 100.0 |   N/A |   N/A | 100.0 |  17.0
       Dungeon | 100.0 | 100.0 |   N/A |   N/A | 100.0 |  17.0
               +-------+-------+-------+-------+-------+----------------------

Vault maps used:
D:1:      ncdulo_lavacross, minmay_pentomino_x2
D:2:      old_standard_altar, first_ration, hangedman_decor_growths,
          nicolae_ru_the_path_less_chosen
D:3:      overflow_temple_1_default, dancing_weapons_uskayaw,
          minmay_misc_feat_iff, uniq_robin, uniq_sigmund
